 Dungeon Crawl Stone Soup version 0.29.1-15-g9cfb28693d (webtiles) character file.

Game seed: 16885313197150863791

93 Peloso the Covered (level 4, -7/40 HPs)
             Began as a Minotaur Fighter on Apr 23, 2023.
             Mangled by Grinder (8 damage)
             ... while paralysed by Grinder
             ... on level 3 of the Dungeon.
             The game lasted 00:03:01 (2218 turns).

Peloso the Covered (Minotaur Fighter)               Turns: 2218, Time: 00:03:01

Health: -7/40      AC:  7    Str: 20    XL:     4   Next: 36%
Magic:  3/3        EV:  2    Int:  5    God:
Gold:   143        SH:  0    Dex: 12    Spells: 3/3 levels left

rFire   . . .      SeeInvis .   a - +0 long sword
rCold   . . .      Faith    .   d - +0 buckler
rNeg    . . .      Spirit   .   b - +0 scale mail
rPois   .          Reflect  .   (helmet restricted)
rElec   .          Harm     .   (no cloak)
rCorr   .          Rampage  .   (no gloves)
Will    .....                   (no boots)
Stlth   ..........              (no amulet)
HPRegen 0.13/turn               (no ring)
MPRegen 0.08/turn               (no ring)

@: paralysed
A: horns 2, retaliatory headbutt
a: no special abilities


You were on level 3 of the Dungeon.
You visited 1 branch of the dungeon, and saw 3 of its levels.

You collected 143 gold pieces.

Inventory:

Hand Weapons
 a - a +0 long sword (weapon)
 c - a +0 trident of protection
Armour
 b - a +0 scale mail (worn)
 d - a +0 buckler (worn)
Jewellery
 n - a ring of flight
Scrolls
 f - a scroll of vulnerability {unknown}
 g - 2 scrolls of identify
 i - a scroll of immolation
 k - a scroll of blinking {unknown}
Potions
 e - 2 potions of curing {unknown}
 h - 2 potions of heal wounds
 j - a potion of magic {unknown}
 l - a potion of haste {unknown}
 m - 3 potions of might


   Skills:
 + Level 4.0 Fighting
 + Level 3.6 Long Blades
 + Level 4.5 Armour
 + Level 1.2 Dodging
 + Level 4.1 Shields


You had 3 spell levels left.
You didn't know any spells.
Your spell library contained the following spells:

 Spells                   Type           Power      Damage    Failure   Level
 Sublimation of Blood     Necr           0%         N/A       96%         2
 Wereblood                Tmut           0%         N/A       96%         2
 Conjure Flame            Conj/Fire      0%         6-21      99%         3
 Ignite Poison            Fire/Tmut/Pois 0%         N/A       99%         3
 Sticky Flame             Conj/Fire      0%         2d3       100%        4
 Summon Hydra             Summ           0%         N/A       100%        7


Dungeon Overview and Level Annotations

Branches:
Dungeon (3/15)

Altars:
Xom

Annotations:
D:3 Grinder


Innate Abilities, Weirdness & Mutations

You have a pair of horns on your head.
You reflexively headbutt those who attack you in melee.


Message History

You hit Grinder but do no damage.
Grinder is lightly wounded.
You block the giant cockroach's attack. Grinder hits you!
* * * LOW HITPOINT WARNING * * *
The giant cockroach bites you.
* * * LOW HITPOINT WARNING * * *
You slash Grinder! Your headbutt misses Grinder.
Grinder is moderately wounded.
The giant cockroach bites you but does no damage.
Grinder barely misses you. You furiously retaliate!
You headbutt Grinder. You hit Grinder. You headbutt Grinder, but do no damage.
Grinder is heavily wounded.
The giant cockroach barely misses you. You furiously retaliate!
You headbutt the giant cockroach. Grinder hits you but does no damage.
The giant cockroach bites you but does no damage.
You barely miss Grinder. You headbutt Grinder.
Grinder is severely wounded.
Grinder blinks!
The giant cockroach bites you.
* * * LOW HITPOINT WARNING * * *
Grinder says, "Wait up."
You hit the giant cockroach.
You headbutt the giant cockroach, but do no damage.
The giant cockroach is almost dead.
You block the giant cockroach's attack.
The giant cockroach bites you but does no damage.
You slash the giant cockroach!
You kill the giant cockroach!
You aren't carrying any items that you can evoke.
Unknown command.
You block Grinder's attack.
You barely miss Grinder. You headbutt Grinder.
Grinder is almost dead.
Grinder gestures at you.
You suddenly lose the ability to move!
Grinder hits you!
* * * LOW HITPOINT WARNING * * *
You writhe in agony.
* * * LOW HITPOINT WARNING * * *
Grinder hits you but does no damage. Grinder hits you!
You die...

#.............##..
#.............##..
#.....†.......#... ....
#........#.##.#.## .......
#........#.#....## #......
#.......†...(..... #..<...
##.......)#.#....## #......
#...........#..#.##
#......##.@5...#'#........#
...............#'#........#
#.#.....#................#
#.....$.#..........##.####
...#.....####.......##.#
.........# #..^....##.####
...#.##### #.......##..<..
.. #. #.[.....##..... . #
#.......##.....


You could see Grinder.

Vanquished Creatures
  Jessica (D:3)
  An adder (D:3)
  A worm (D:3)
  A dart slug (D:1)
  3 orcs (D:3)
  4 bats
  8 endoplasms
  2 giant cockroaches
  4 goblins
  6 hobgoblins
  4 jackals (D:1)
  A quokka (D:2)
  2 ball pythons
  A frilled lizard (D:1)
  A kobold (D:2)
  5 rats
45 creatures vanquished.

Notes
Turn   | Place    | Note
-------+----------+-------------------------------------------
     0 | D:1      | Peloso the Minotaur Fighter began the quest for the Orb.
     0 | D:1      | Reached XP level 1. HP: 19/19 MP: 0/0
    79 | D:1      | Reached XP level 2. HP: 9/27 MP: 1/1
   741 | D:1      | Reached XP level 3. HP: 30/33 MP: 2/2
   955 | D:2      | Found a shimmering altar of Xom.
  1261 | D:2      | Found a faded altar of an unknown god.
  1879 | D:3      | Noticed Jessica
  1885 | D:3      | Killed Jessica
  1944 | D:3      | Reached skill level 1 in Dodging
  1944 | D:3      | Reached XP level 4. HP: 40/40 MP: 3/3
  2196 | D:3      | Noticed Grinder
  2216 | D:3      | Paralysed by Grinder for 4 turns
  2216 | D:3      | HP: 1/40 [Grinder (3)]
  2218 | D:3      | Mangled by Grinder

Illustrated notes

Levels and vault maps discovered:
D:1:      eino_arrival_tree_alley, layout_rooms, columned_hall_lemuel
D:2:      layout_loops_corners, basic_ecumenical_altar, basic_altar,
          serial_bayou_pond_d, serial_park_tiny_2, kennysheep_small_spiral
D:3:      layout_basic, uniq_jessica, uniq_grinder

Skill      XL: |  1  2  3 |
---------------+----------+-----
Shields        | 4 |  4.1
Armour         | 4 |  4.5
Long Blades    | 3 |  3.6
Fighting       | 4 |  4.0
Dodging        | 1 |  1.2

Action                   |  1- 3 |  4- 6 || total
-------------------------+-------+-------++-------
Melee: Long sword        |    67 |    32 ||    99
       Headbutt          |    10 |     6 ||    16
  Use: Potion            |     3 |       ||     3
       Scroll            |     1 |       ||     1
Armor: Scale mail        |    27 |    19 ||    46
Dodge: Dodged            |    30 |    10 ||    40
Block: Buckler           |    12 |    10 ||    22
